 Dungeon Crawl Stone Soup version 0.27.0-1-g7a089689b8 (webtiles) character file.

Game seed: 2874085597095580412

77 Smaepdii the Magician (level 4, -5/32 HPs)
             Began as a Djinni Venom Mage on Aug 16, 2021.
             Slain by Terence (7 damage)
             ... on level 2 of the Dungeon.
             The game lasted 00:07:40 (2617 turns).

Smaepdii the Magician (Djinni Venom Mage)           Turns: 2617, Time: 00:07:41

Health: -5/32      AC:  5    Str:  7    XL:     4   Next: 60%
Gold:   113        EV: 10    Int: 17    God:
                   SH:  0    Dex: 14

rFire    + + .     SeeInvis .   i - +1 spear (flame)
rCold    x . .     Faith    .   (no shield)
rNeg     . . .     Spirit   .   g - +0 ring mail
rPois    ∞         Reflect  .   (no helmet)
rElec    .         Harm     .   (no cloak)
rCorr    .         Rampage  .   (no gloves)
Will     .....                  (boots unavailable)
Stlth    +.........             (no amulet)
HPRegen  0.10/turn              (no ring)
MPRegen  0.00/turn              (no ring)

@: flying
A: sickness immunity, fire resistance 2, cold vulnerability 1, float, innate
caster, hp casting, extra vitality 1
a: no special abilities


You were on level 2 of the Dungeon.
You visited 1 branch of the dungeon, and saw 3 of its levels.

You collected 113 gold pieces.

Inventory:

Hand Weapons
 i - a +1 spear of flaming (weapon)
Armour
 g - a +0 ring mail (worn)
Scrolls
 a - a scroll of enchant armour {unknown}
 d - 2 scrolls of identify {unknown}
 e - a scroll of amnesia {unknown}
 k - a scroll of teleportation {unknown}
Potions
 b - a potion of degeneration {unknown}
 c - 2 potions of heal wounds {unknown}
 f - a potion of haste {unknown}
 h - a potion of invisibility {unknown}
 j - a potion of cancellation {unknown}
 l - a potion of flight {unknown}


   Skills:
 + Level 1.4 Fighting
 + Level 2.9 Dodging
 + Level 2.2 Stealth
 * Level 3.1 Spellcasting


You couldn't memorise any spells.
You knew the following spells:

 Your Spells              Type           Power      Damage    Failure   Level
a - Sting                 Tmut/Pois      52%        1d5       17%         1
b - Poisonous Vapours     Pois/Air       26%        N/A       26%         2
c - Mephitic Cloud        Conj/Pois/Air  13%        N/A       45%         3
d - Olgreb's Toxic Radia  Pois           13%        N/A       86%         4
e - Beastly Appendage     Tmut           26%        N/A       17%         1
Your spell library was empty.

Dungeon Overview and Level Annotations

Branches:
Dungeon (3/15)

Altars:

Annotations:
D:2 Terence


Innate Abilities, Weirdness & Mutations

You are immune to sickness and miasma.
You are immune to poison.
Your flesh is very heat resistant. (rF++)
You are vulnerable to cold. (rC-)
You float through the air rather than walking.
You learn spells naturally, not from books.
Your magical power is your life essence.
You have superior vitality. (+4 HP)


Message History

Terence misses you.
You hit Terence but do no damage.
Terence is moderately wounded.
Terence barely misses you.
You hit Terence. You burn Terence.
Terence is heavily wounded.
Your transformation is almost over.
Terence hits you with a +0 hand axe.
You closely miss Terence. You headbutt Terence.
Terence is severely wounded.
Terence closely misses you.
You barely miss Terence.
Terence is severely wounded.
Terence hits you with a +0 hand axe!
* * * LOW HITPOINT WARNING * * *
Your horns disappear.
Terence hits you with a +0 hand axe.
* * * LOW HITPOINT WARNING * * *
Casting: Beastly Appendage (safe; 17% risk of failure)
Confirm with . or Enter, or press ? or * to list all spells.
Okay, then.
Casting: Beastly Appendage (safe; 17% risk of failure)
Confirm with . or Enter, or press ? or * to list all spells.
Aiming: Sting (safe; 17% risk of failure)
Press: ? - help, Shift-Dir - straight line, f - Terence
Aim: Terence, wielding a +0 hand axe and wearing a +0 scale mail (heavily wounded, 75% to hit)
The sting misses Terence.
* * * LOW HITPOINT WARNING * * *
Terence misses you.
Casting: Sting (safe; 17% risk of failure)
Confirm with . or Enter, or press ? or * to list all spells.
Aiming: Sting (safe; 17% risk of failure)
Press: ? - help, Shift-Dir - straight line, f/p - Terence
Aim: Terence, wielding a +0 hand axe and wearing a +0 scale mail (heavily wounded, 75% to hit)
The sting hits Terence but does no damage.
Terence is poisoned.
Terence is heavily wounded.
* * * LOW HITPOINT WARNING * * *
Terence hits you with a +0 hand axe!
You die...

#..........#(........# ##
######..........#.........# #.
#...............#.........# #.
#...............#.........# #.
#...............#.........# ##
#.........#######.........#####
#.........# #.............#
###.........#######.............#
................@@...............
###...........#.................#
#...........#.................#
#######.....#.................#
## #.....#########........)# .#
#.....# #.........# .# #)....#
#.........# .# #.....#
#.........# .# ###.....##
##.########


You could see Terence (poisoned).

Vanquished Creatures
  4 adders
  A worm (D:2)
  2 orcs (D:3)
  2 bats (D:1)
  3 endoplasms
  A giant cockroach (D:1)
  3 goblins
  3 hobgoblins
  5 jackals
  2 kobolds
  A quokka (D:1)
  3 ball pythons
  4 rats
34 creatures vanquished.

Notes
Turn   | Place    | Note
-------+----------+-------------------------------------------
     0 | D:1      | Smaepdii the Djinni Venom Mage began the quest for the Orb.
     0 | D:1      | Reached XP level 1. HP: 15/15 MP: 0/0
   183 | D:1      | Reached XP level 2. HP: 17/22 MP: 0/0
   957 | D:1      | Reached XP level 3. HP: 20/26 MP: 0/0
   957 | D:1      | Learned a level 1 spell: Beastly Appendage
  1455 | D:2      | Reached skill level 1 in Fighting
  1660 | D:2      | Reached skill level 3 in Spellcasting
  1660 | D:2      | Reached XP level 4. HP: 27/32 MP: 0/0
  2465 | D:3      | Found a faded altar of an unknown god.
  2558 | D:3      | Noticed Terence
  2558 | D:3      | Noticed a sky beast
  2617 | D:2      | Slain by Terence

Illustrated notes

Levels and vault maps discovered:
D:1:      mrwooster_arrival_statue, layout_basic, roderic_nine_men_s_morris,
          minmay_ruptured
D:2:      layout_basic
D:3:      layout_basic, led_sif_pool, mainiacjoe_overflow_alcove_4,
          hellmonk_ecumenical_altar_heavens_door, uniq_terence

Skill      XL: |  1  2  3 |
---------------+----------+-----
Fighting       | 1 |  1.4
Stealth        | 2 |  2.2
Spellcasting   | 3 |  3.1
Dodging        | |  2.9

Action                   |  1- 3 |  4- 6 || total
-------------------------+-------+-------++-------
Melee: Unarmed           |     2 |       ||     2
       Trident           |    37 |       ||    37
       Spear             |    21 |    59 ||    80
       Headbutt          |     2 |     3 ||     5
 Cast: Sting             |    24 |     2 ||    26
       Beastly Appendage |     3 |     3 ||     6
Armor: Robe              |     2 |       ||     2
       Ring mail         |    34 |    22 ||    56
Dodge: Dodged            |    41 |    26 ||    67
